 Seeded DCSS version 0.30.1-9-gdf580d7c3d (webtiles) character file.

Game seed: 6351066067085065685 (custom seed)

119 Esekla the Magician (level 4, -2/36 HPs)
             Began as a Deep Elf Wanderer on Oct 20, 2023.
             Was a Follower of Vehumet.
             Slain by a gnoll
             ... wielding a +0 halberd
             ... led by a gnoll bouda
              (3 damage)
             ... on level 4 of the Dungeon.
             The game lasted 00:22:25 (2589 turns).

Esekla the Magician (Deep Elf Wanderer)             Turns: 2589, Time: 00:22:26

Health: -2/36      AC: 22    Str: 11    XL:     4   Next: 73%
Magic:  14/14      EV:  2    Int: 20    God:    Vehumet [*.....]
Gold:   195        SH:  4    Dex: 14    Spells: 8/15 levels left

rFire   . . .        s - +5 rapier of the Hero {heavy, rN+ Dex+3}
rCold   . . .        d - +0 buckler
rNeg    + . .        c - melded +0 robe
rPois   +            k - melded +0 helmet
rElec   .            (cloak currently unavailable)
rCorr   .            j - melded +0 pair of gloves
SInv    .            (boots currently unavailable)
Will    .....        y - amulet of magic regeneration
Stlth   ++           (no ring)
HPRegen 0.26/turn    (no ring)
MPRegen 0.54/turn

%: no passive effects
@: tree-form, attractive, on blink cooldown
A: stationary, stasis, torment immunity, boosted hp
a: Renounce Religion


You were on level 4 of the Dungeon.
You worshipped Vehumet.
Vehumet was aware of your devotion.
You were a tree.
You visited 1 branch of the dungeon, and saw 5 of its levels.

You collected 195 gold pieces.

Inventory:

Hand Weapons
 a - a +1 short sword of freezing
 s - the +5 rapier of the Hero (weapon) {heavy, rN+ Dex+3}
   (You found it on level 3 of the Dungeon)

   Dex:       It affects your dexterity (+3).
   rN:        It protects you from negative energy.
Armour
 c - a +0 robe (melded)
 d - a +0 buckler (worn)
 j - a +0 pair of gloves (melded)
 k - a +0 helmet (melded)
Jewellery
 y - an amulet of magic regeneration (around neck)
Wands
 n - a wand of roots (9)
Scrolls
 g - 3 scrolls of identify {unknown}
 o - a scroll of fog {unknown}
 q - a scroll of blinking {unknown}
 r - a scroll of immolation {unknown}
 t - a scroll of amnesia {unknown}
 u - a scroll of enchant armour {unknown}
 v - 2 scrolls of enchant weapon {unknown}
 w - a scroll of silence {unknown}
 x - a scroll of magic mapping {unknown}
Potions
 b - a potion of lignification
 e - a potion of ambrosia {unknown}
 f - a potion of attraction
 h - a potion of heal wounds {unknown}
 i - 3 potions of curing {unknown}
 l - a potion of mutation {unknown}
 m - a potion of haste {unknown}
 p - 3 potions of brilliance {unknown}


   Skills:
 + Level 1.1 Short Blades
 * Level 1.5 Dodging
 + Level 1.3 Stealth
 + Level 1.8 Shields
 * Level 6.0 Spellcasting
 + Level 0.9 Conjurations
 * Level 1.1 Necromancy
 + Level 2.8 Translocations
 + Level 1.0 Invocations


You had 8 spell levels left.
You knew the following spells:

 Your Spells              Type           Power      Damage    Failure   Level
a - Magic Dart            Conj           36%        1d4       11%         1
b - Blink                 Tloc           34%        N/A       7%          2
d - Vampiric Draining     Necr           10%        2d6       28%         3
p - Apportation           Tloc           34%        N/A       4%          1

Your spell library contained the following spells:

 Spells                   Type           Power      Damage    Failure   Level
 Kiss of Death            Conj/Necr      40%        2d8       10%         1
 Lesser Beckoning         Tloc           34%        N/A       7%          2
 Gell's Gravitas          Tloc           17%        N/A       14%         3
 Teleport Other           Tloc           17%        N/A       14%         3
 Ignite Poison            Fire/Tmut/Pois 6%         N/A       41%         3
 Spider Form              Tmut/Pois      6%         N/A       41%         3
 Cause Fear               Hex            3%         N/A       83%         4
 Summon Mana Viper        Hex/Summ       6%         N/A       99%         5


Dungeon Overview and Level Annotations

Branches:
Dungeon (5/15)
 Temple: D:4-7

Altars:
Dithmenos
Hepliaklqana
Okawaru
Qazlal
Trog
Vehumet
Zin

Shops:
D:2 =   D:4 (


Message History

You become entangled in the net!
You see here a throwing net.
You struggle against the net.
The hobgoblin hits you but does no damage.
You tear a large gash into the net.
The gnoll bouda barks out a call to the hunt!
The gnolls pick up the pace!
The hobgoblin hits you. The gnoll completely misses you.
The gnoll barely misses you.
Casting: Blink (safe; 7% risk of failure)
Confirm with . or Enter, or press ? or * to list all spells.
You blink.
The gnoll bouda hits you with a +0 club!
The gnoll barely misses you.
Okay, then.
Really quaff the potion of lignification?
You turn into a tree.
Your +0 helmet melds into your body.
Your +0 pair of gloves melds into your body.
Your +0 robe melds into your body.
Your roots penetrate the ground.
The gnoll bouda barks out a call to the hunt!
The gnoll hits you but does no damage.
It was a potion of attraction.
You feel attractive to monsters. The gnoll hits you but does no damage.
The orc hits you but does no damage.
The gnoll bouda hits you with a +0 club.
* * * LOW HITPOINT WARNING * * *
The gnoll hits you but does no damage. x2
You hit the orc but do no damage. The gnoll hits you with a +0 flail.
* * * LOW HITPOINT WARNING * * *
The orc hits you but does no damage.
The gnoll bouda barks out a call to the hunt!
The gnoll picks up the pace!
You block the gnoll's attack.
The gnoll hits you from afar with a +0 spear.
* * * LOW HITPOINT WARNING * * *
The gnoll hits you but does no damage. The gnoll hits you with a +0 flail.
* * * LOW HITPOINT WARNING * * *
The orc hits you but does no damage.
The gnoll hits you from afar with a +0 halberd.
You die...

......# .######.......#..........
......##.##...........'..........
.........##...........#..........
.........##...........#..........
.........##......g....#..........
g........##...........#........<.
g.........#...g.###...#..........
..........####'####...#..........
g.......>.....gg♣og.g.(.........#
##........####g##gg.............#
..........####.##g....##.........
.................g...............
....w..........##....##..........
...............##....##..........
.....##........#.................
.....##........#..............##.
...g.#########o#.................


You could see a gnoll bouda, 7 gnolls, an orc and a hobgoblin.

Vanquished Creatures
  A hound (D:3)
  4 adders
  2 dart slugs
  3 orcs (D:3)
  4 endoplasms
  8 goblins
  4 hobgoblins
  A quokka (D:1)
  6 ball pythons
  4 bats
  4 frilled lizards
  4 kobolds
  A rat (D:2)
46 creatures vanquished.

Notes
Turn   | Place    | Note
-------+----------+-------------------------------------------
     0 | D:1      | Esekla the Deep Elf Wanderer began the quest for the Orb.
     0 | D:1      | Esekla set off with the following items: a +0 club, a
                  | potion of lignification, a +0 robe, a +0 buckler; and the
                  | following spells available to memorise: Apportation, Blink,
                  | Lesser Beckoning, Magic Dart, Ignite Poison, Vampiric
                  | Draining.
     0 | D:1      | Reached XP level 1. HP: 10/10 MP: 7/7
     2 | D:1      | Learned a level 1 spell: Magic Dart
     4 | D:1      | Learned a level 1 spell: Apportation
   260 | D:2      | Found Renulab's Jewellery Shop.
   421 | D:4      | Found a radiant altar of Vehumet.
   429 | D:4      | Found an iron altar of Okawaru.
   445 | D:4      | Found a glowing silver altar of Zin.
   533 | D:4      | Became a worshipper of Vehumet
   694 | D:2      | Reached skill level 1 in Dodging
   694 | D:2      | Reached XP level 2. HP: 15/15 MP: 9/9
   869 | D:1      | Learned a level 2 spell: Blink
   928 | D:1      | Reached skill level 5 in Spellcasting
   964 | D:1      | Reached * piety under Vehumet
   964 | D:1      | Offered knowledge of Kiss of Death by Vehumet.
   989 | D:1      | Reached XP level 3. HP: 19/19 MP: 0/11
   993 | D:1      | Learned a level 3 spell: Vampiric Draining
  1362 | D:3      | Identified the +5 rapier of the Hero {heavy, rN+ Dex+3}
  1634 | D:3      | Found a stormy altar of Qazlal.
  1741 | D:2      | Reached skill level 1 in Short Blades
  1879 | D:2      | Noticed a black bear
  1982 | D:3      | Reached XP level 4. HP: 24/24 MP: 13/13
  2130 | D:3      | Found a hazy altar of Hepliaklqana.
  2132 | D:3      | Found a bloodstained altar of Trog.
  2142 | D:3      | Reached skill level 6 in Spellcasting
  2142 | D:3      | Reached skill level 1 in Necromancy
  2276 | D:4      | Found Ponaysk's Antique Weapon Boutique.
  2422 | D:5      | Entered Level 5 of the Dungeon
  2425 | D:5      | Got the Parchment of the Lumpy Olives
  2453 | D:5      | Found a shadowy altar of Dithmenos.
  2539 | D:5      | Noticed a scorpion
  2589 | D:4      | HP: 1/36 [gnoll/+0 flail (2)]
  2589 | D:4      | Slain by a gnoll

Illustrated notes

Levels and vault maps discovered:
D:1:      sevenhm_arrival_forest_fort_small_3, layout_rooms,
          chequers_serial_rivers_room_b, minmay_misc_feat_five
D:2:      layout_loops_ring, dreamdust_ecumenical_altar_angels_and_demons,
          serial_shops, shop
D:3:      layout_basic, grunt_temple_overflow_open, minmay_misc_feat_iff
D:4:      layout_basic, nicolae_overflow_quartered_altars, serial_shops,
          nicolae_diamond_shop
D:5:      layout_loops_ring, lemuel_doored_altar, minmay_misc_feat_rows,
          dreamdust_wishing_well

Skill      XL: |  1  2  3  4 |
---------------+-------------+-----
Dodging        | 1 |  1.5
Spellcasting   | 5 6 |  6.0
Short Blades   | 1 |  1.1
Necromancy     | 1 |  1.1
Stealth        | |  1.3
Shields        | |  1.8
Conjurations   | |  0.9
Translocations | |  2.8
Invocations    | |  1.0

Action                     |  1- 3 |  4- 6 || total
---------------------------+-------+-------++-------
  Melee: Short sword       |    50 |       ||    50
         Rapier            |    23 |    17 ||    40
   Cast: Apportation       |    23 |     8 ||    31
         Magic Dart        |    49 |     6 ||    55
         Vampiric Draining |     1 |       ||     1
         Blink             |       |     2 ||     2
    Use: Scroll            |     1 |       ||     1
         Potion            |       |     2 ||     2
   Stab: Sleeping          |     1 |     1 ||     2
 Armour: Robe              |    24 |     8 ||    32
         Skin              |       |     8 ||     8
  Dodge: Dodged            |    56 |    22 ||    78
  Block: Buckler           |    13 |     9 ||    22
